 Dungeon Crawl Stone Soup version 0.21.1-1-g345015f (webtiles) character file.

16 keltmir the Grave Robber (level 2, -1/19 HPs)
             Began as a Demonspawn Necromancer on Mar 20, 2018.
             Killed from afar by a dart slug (5 damage)
             ... with a slug dart
             ... on level 1 of the Dungeon.
             The game lasted 00:06:10 (760 turns).

keltmir the Grave Robber (Demonspawn Necromancer)    Turns: 760, Time: 00:06:11

Health: -1/19      AC:  2    Str:  8    XL:     2   Next: 41%
Magic:  2/5        EV: 12    Int: 16    God:
Gold:   15         SH:  0    Dex: 13    Spells: 3/5 levels left

rFire    . . .     SeeInvis .   g - -2 dagger (curse)
rCold    . . .     Gourm    .   (no shield)
rNeg     . . .     Faith    .   a - +0 robe
rPois    .         Spirit   .   (no helmet)
rElec    .         Reflect  .   (no cloak)
rCorr    .         Harm     .   (no gloves)
MR       .....                  (no boots)
Stlth    +++.......             (no amulet)
HPRegen  0.06/turn              (no ring)
MPRegen  0.09/turn              (no ring)

@: no status effects
A: nightstalker 1
a: no special abilities


You were on level 1 of the Dungeon.
You were not hungry.

You visited 1 branch of the dungeon, and saw 1 of its levels.

You collected 15 gold pieces.

Inventory:

Hand Weapons
 g - a cursed -2 dagger (weapon)
Missiles
 i - 14 poisoned needles
Armour
 a - a +0 robe (worn)
Scrolls
 f - a scroll of identify {unknown}
Potions
 e - 2 potions of berserk rage {unknown}
 h - a potion of haste {unknown}
Books
 b - a book of Necromancy

   Spells                             Type                      Level
   a - Pain                           Necromancy                   1
   b - Animate Skeleton               Necromancy                   1
   c - Vampiric Draining              Necromancy                   3
   d - Regeneration                   Charms/Necromancy            3
   e - Animate Dead                   Necromancy                   4
   f - Borgnjor's Vile Clutch         Necromancy/Earth             5
Comestibles
 c - a ration


   Skills:
 + Level 2.0 Dodging
 - Level 1.7 Stealth
 + Level 2.2 Spellcasting
 * Level 4.8 Necromancy


You had 3 spell levels left.
You knew the following spells:

 Your Spells              Type           Power        Failure   Level  Hunger
a - Pain                  Necr           ###.         2%          1    #......
b - Animate Skeleton      Necr           N/A          2%          1    #......


Dungeon Overview and Level Annotations

Branches:
Dungeon (1/15)

Altars:


Innate Abilities, Weirdness & Mutations

You are slightly more attuned to the shadows.


Message History

Casting: Pain
Confirm with . or Enter, or press ? or * to list all spells.
Aiming: Pain
Press: ? - help, Shift-Dir - straight line, f - ball python
Aim: a ball python (chance to defeat MR: 87%)
The ball python writhes in agony!
You kill the ball python!
The bat hits you.
* * * LOW HITPOINT WARNING * * *
Casting: Pain
Confirm with . or Enter, or press ? or * to list all spells.
Aiming: Pain
Press: ? - help, Shift-Dir - straight line, f - bat
Aim: a bat (chance to defeat MR: 87%)
The bat writhes in agony!
You kill the bat!
Your magical contamination has completely faded away.
The dart slug launches a dart at you. The slug dart hits you!
You die...

#....w...#
#.########
##.#.##.#.# #.#
#...w.#.#.#
#.#######
#..#.w#.#.#
#........
#........†#
##..######
#.....#...###...##
#.....#[..##.....#
##...##...###...##
#......@.####..#
####.##........#
#.########.## #.#
##'## #.# ##.†.##
#.# #.....# ..#
#...w...#
#.........#
+.........+


You could see a dart slug.

Vanquished Creatures
  A dart slug (D:1)
  A leopard gecko (D:1)
  A goblin (D:1)
  2 hobgoblins (D:1)
  A kobold (D:1)
  A ball python (D:1)
  4 bats (D:1)
  A frilled lizard (D:1)
  A rat (D:1)
13 creatures vanquished.

Vanquished Creatures (collateral kills)
  A hobgoblin (D:1)
1 creature vanquished.

Grand Total: 14 creatures vanquished

Notes
Turn   | Place    | Note
-------+----------+-------------------------------------------
     0 | D:1      | keltmir the Demonspawn Necromancer began the quest for the Orb.
     0 | D:1      | Reached XP level 1. HP: 13/13 MP: 3/3
     4 | D:1      | Learned a level 1 spell: Animate Skeleton
    15 | D:1      | Noticed a minotaur zombie
    17 | D:1      | Noticed a merfolk zombie
    21 | D:1      | Noticed a merfolk zombie
    21 | D:1      | Noticed a merfolk zombie
   422 | D:1      | Gained mutation: You are slightly more attuned to the shadows. [demonic ancestry]
   422 | D:1      | Reached XP level 2. HP: 17/19 MP: 3/5
   760 | D:1      | Killed from afar by a dart slug

Skill      XL: |  1 |
---------------+----+-----
Dodging        | 2 |  2.0
Stealth        | |  1.7
Spellcasting   | |  2.2
Necromancy     | |  4.8

Action                   || total
-------------------------++-------
Melee: Unarmed           ||     2
       Dagger            ||     1
 Cast: Pain              ||    26
       Animate Skeleton  ||     2
Armor: Robe              ||     4
Dodge: Dodged            ||    15
